 Dungeon Crawl Stone Soup version 0.16.0-12-g7215832 (webtiles) character file.

43 kae the Firebug (level 3, -2/19 HPs)
             Began as a Tengu Fire Elementalist on Mar 18, 2015.
             Was an Initiate of Sif Muna.
             Slain by a quokka (5 damage)
             ... on level 1 of the Dungeon.
             The game lasted 00:01:56 (1375 turns).

kae the Firebug (Tengu Fire Elementalist)           Turns: 1375, Time: 00:01:56

Health: -2/19      AC:  2    Str:  8    XL:     3   Next: 58%
Magic:  5/7        EV: 12    Int: 16    God:    Sif Muna [......]
Gold:   96         SH:  0    Dex: 14    Spells: 1 memorised, 5 levels left

rFire  . . .     SeeInvis .     g - +0 whip
rCold  . . .     Clarity  .     a - +0 robe
rNeg   . . .     SustAb   .     (no shield)
rPois  +         Gourm    .     (helmet restricted)
rElec  .         Spirit   .     (no cloak)
rCorr  .         Warding  .     (no gloves)
rMut   .         Stasis   .     (boots unavailable)
MR     .....                    (no amulet)
Stlth  ++........               (no ring)
                                m - ring of poison resistance

@: very slightly contaminated, not resistant to hostile enchantments, unstealthy
A: beak, talons 3
a: Renounce Religion


You were on level 1 of the Dungeon.
You worshipped Sif Muna.
Sif Muna was noncommittal.
You were near starving.

You visited 1 branch of the dungeon, and saw 2 of its levels.

You collected 96 gold pieces.

Inventory:

Hand weapons
 g - a +0 whip (weapon)
Armour
 a - a +0 robe (worn)
Jewellery
 m - a ring of poison resistance (left hand)
Scrolls
 e - 2 scrolls of noise {unknown}
 h - 3 scrolls of teleportation {unknown}
 i - 3 scrolls of identify {unknown}
 l - 2 scrolls of remove curse {unknown}
 n - a scroll of amnesia {unknown}
 o - 2 scrolls of enchant armour {unknown}
Potions
 d - a potion of heal wounds {unknown}
 f - 3 potions of curing {unknown}
 k - 2 potions of cancellation {unknown}
 p - a potion of ambrosia {unknown}
Books
 b - a book of Flames

   Spells                             Type                      Level
   a - Flame Tongue                   Conjuration/Fire             1
   b - Throw Flame                    Conjuration/Fire             2
   c - Conjure Flame                  Conjuration/Fire             3
   d - Inner Flame                    Hexes/Fire                   3
   e - Sticky Flame                   Conjuration/Fire             4
   f - Fireball                       Conjuration/Fire             5
Comestibles
 c - a bread ration
 j - a meat ration


   Skills:
 - Level 2.1 Dodging
 - Level 2.0 Stealth
 + Level 2.4 Spellcasting
 * Level 2.8 Conjurations
 * Level 4.0 Fire Magic


You had 5 spell levels left.
You knew the following spells:

 Your Spells              Type           Power        Failure   Level  Hunger
a - Flame Tongue          Conj/Fire      ##...        6%          1    #......


Dungeon Overview and Level Annotations

Branches:
Dungeon (2/15)

Altars:
Ashenzari
Okawaru
Sif Muna
The Shining One

Annotations:
D:2 Sigmund


Innate Abilities, Weirdness & Mutations

You have a beak for a mouth.
You have claws for feet.


Message History

The quokka bites you. A mysterious force pulls you upwards.
The hatch slams shut behind you.
Casting: Flame Tongue
Confirm with . or Enter, or press ? or * to list all spells.
Aiming: Flame Tongue
Press: ? - help, Shift-Dir - straight line, f - quokka
Aim: a quokka (moderately wounded)
You miscast Flame Tongue.
You are very lightly contaminated with residual magic.
Nothing appears to happen.
The quokka bites you.
* * * LOW HITPOINT WARNING * * *
The quokka bites you.
* * * LOW HITPOINT WARNING * * *
Casting: Flame Tongue
Confirm with . or Enter, or press ? or * to list all spells.
Aiming: Flame Tongue
Press: ? - help, Shift-Dir - straight line, f/p - quokka
Aim: a quokka (moderately wounded)
The flame tongue misses the quokka.
The quokka bites you.
You die...

#.......# #... #.#####.#
#.## #.#####.### #.##
#.##......#############.##
#.##.##.#..........†.....#
#.##.##.###############(..
#.......# ##.#
#.......###### #.#
#.##.#...@r..# #.#
#.##.#..####.# #.#
#.##......##.##### #.#
#.####..#.##.....# ##.#
#.####........(..######..#
#.......#.##..#......##.#.
#########.##..†..###.#..#.
######.##.....# #.#.##.
##......######## #.#.##.


You could see a quokka.

Vanquished Creatures
  Terence (D:2)
  A worm (D:2)
  2 giant geckos
  A giant cockroach (D:1)
  3 hobgoblins
  5 kobolds (D:1)
  A ball python (D:1)
  A bat (D:1)
  3 giant newts
  2 goblins (D:2)
  5 rats
25 creatures vanquished.

Notes
Turn   | Place    | Note
--------------------------------------------------------------
     0 | D:1      | kae, the Tengu Fire Elementalist, began the quest for the Orb.
     0 | D:1      | Reached XP level 1. HP: 10/10 MP: 3/3
   417 | D:1      | Reached XP level 2. HP: 15/15 MP: 5/5
   783 | D:2      | Found a deep blue altar of Sif Muna.
   786 | D:2      | Became a worshipper of Sif Muna the Loreminder
   812 | D:2      | Found a shattered altar of Ashenzari.
   882 | D:2      | Found an iron altar of Okawaru.
   901 | D:2      | Reached XP level 3. HP: 15/19 MP: 0/7
  1281 | D:2      | Found a glowing golden altar of the Shining One.
  1282 | D:2      | Noticed an angel
  1288 | D:2      | Noticed Terence
  1295 | D:2      | Killed Terence
  1295 | D:2      | Reached skill level 4 in Fire Magic
  1351 | D:2      | Noticed Sigmund
  1375 | D:1      | Slain by a quokka

Action                   || total
-------------------------++-------
Melee: Unarmed           ||     7
       Whip              ||    36
 Cast: Flame Tongue      ||    26
 Stab: Sleeping          ||     2
